 Dungeon Crawl Stone Soup version 0.24-b1 (webtiles) character file.

Game seed: 6299953517836310199, levelgen mode: deterministic

1215 Gumption the Spear-Bearer (level 8, -6/82 HPs)
             Began as a Merfolk Gladiator on Oct 12, 2019.
             Was a Believer of Hepliaklqana.
             Mangled by an orc warrior
             ... wielding a +0 flail
              (10 damage)
             ... on level 6 of the Dungeon.
             The game lasted 00:53:47 (5622 turns).

Gumption the Spear-Bearer (Merfolk Gladiator)       Turns: 5622, Time: 00:53:48

Health: -6/82      AC:  7    Str: 21    XL:     8   Next: 46%
Magic:  0/8        EV: 18    Int:  8    God:    Hepliaklqana [**....]
Gold:   263        SH:  0    Dex: 20    Spells: 7/7 levels left

rFire    . . .     SeeInvis +   i - +1 halberd
rCold    . . .     Gourm    .   (shield currently unavailable)
rNeg     . . .     Faith    .   C - +0 ring mail
rPois    .         Spirit   +   c - +0 helmet
rElec    .         Reflect  .   q - scarf {repulsion}
rCorr    .         Harm     .   t - +0 pair of gloves
MR       .....                  (no boots)
Stlth    ..........             f - amulet of guardian spirit
HPRegen  0.23/turn              h - ring of see invisible
MPRegen  0.11/turn              w - +5 ring of dexterity

@: berserking, slowed, repel missiles
A: change form in water, swift swim, stealthy swim, reduced essence
a: Recall Ancestor, Ancestor Identity, Renounce Religion


You were on level 6 of the Dungeon.
You worshipped Hepliaklqana.
Hepliaklqana was pleased with you.
You were hungry.

You visited 2 branches of the dungeon, and saw 7 of its levels.

You collected 263 gold pieces.

Inventory:

Hand Weapons
 a - a +0 trident
 i - a +1 halberd (weapon)
Missiles
 d - 3 throwing nets
 j - 195 stones
 s - 6 poisoned darts (quivered)
Armour
 c - a +0 helmet (worn)
 p - a +0 cloak
 q - a scarf of repulsion (worn)
 t - a +0 pair of gloves (worn)
 y - a +0 leather armour
 C - a +0 ring mail (worn)
Jewellery
 f - an amulet of guardian spirit (around neck)
 h - a ring of see invisible (left hand)
 n - a +3 ring of strength {unknown}
 u - an uncursed ring of ice
 w - a +5 ring of dexterity (right hand)
Wands
 m - a wand of iceblast (13)
 r - a wand of acid (13)
 z - a wand of disintegration (19)
Scrolls
 b - a scroll of enchant weapon
 l - 3 scrolls of teleportation
Potions
 g - a potion of berserk rage
 k - a potion of agility
 o - a potion of resistance
 v - 2 potions of brilliance
 x - a potion of ambrosia
 A - 2 potions of mutation
 B - a potion of curing {unknown}
Comestibles
 e - 8 rations
 D - a chunk of flesh


   Skills:
 + Level 5.2 Fighting
 * Level 9.9 Polearms
 - Level 2.0 Throwing
 * Level 9.0 Dodging


You had 7 spell levels left.
You didn't know any spells.
Your spell library was empty.

Dungeon Overview and Level Annotations

Branches:
Dungeon (6/15)             Temple (1/1) D:4

Altars:
Ashenzari
Cheibriados
Dithmenos
Fedhas
Gozag
Hepliaklqana
Nemelex Xobeh
Okawaru
Qazlal
Ru
Sif Muna
Trog
Uskayaw
Wu Jian
Xom
Yredelemnul
Zin
The Shining One


Message History

The orc warrior hits you with a +0 flail!
* * * LOW HITPOINT WARNING * * *
The orc priest closely misses you.
A red film seems to cover your vision as you go berserk!
You feel yourself moving faster!
You feel mighty!
An orc wizard comes into view.
It is wielding a +0 dagger and carrying a wand of random effects (8).
The orc warrior hits you with a +0 flail!
* * * LOW HITPOINT WARNING * * *
The orc priest casts a cantrip, but nothing happens.
The orc wizard shouts!
You slash the orc priest!
You kill the orc priest!
The orc warrior barely misses you.
You hit the orc warrior but do no damage.
The orc wizard casts a spell.
The orc wizard seems to speed up.
The orc warrior hits you with a +0 flail.
You barely miss the orc warrior.
The orc warrior hits you with a +0 flail!
You die...

*,*,* #o## *,*,* *,*,* #..# #.#,*
*,*,* ##.###.#.# *,*,* #..##.#.#
*,*,* ##.##o#.# *,*,* *****
#.##.#.# *,*,* *,,,* #.##.#.#
*,*,* *,,,* #..#.#.#
*,*,***,,,####.#@#.#
*,*,,,+,,,+...))o.(#
,,,,,**,,,#####).######**********
*,**,**,,,* #.........,,,,,,,,,,
*,**,**,,,* #.#.######**********
*,**,**,,,* #.#..# * *,**,******
#.#..# * *,**,* #.##.## * *,,*,*
#.##..*********** *


You could see an orc warrior and an orc wizard.

Vanquished Creatures
  Grinder (D:3)
  A centaur (D:6)
  2 orc priests (D:6)
  A hound (D:4)
  3 orc wizards (D:6)
  Ijyb (D:3)
  Natasha (thrice) (D:2)
  2 worker ants (D:4)
  A hound skeleton (D:5)
  Robin (D:4)
  A worker ant zombie (D:5)
  4 adders
  5 gnolls
  A shadow imp (D:5)
  An ooze (D:3)
  An adder zombie (D:5)
  An adder skeleton (D:4)
  3 dart slugs
  A leopard gecko (D:4)
  5 orcs
  2 giant cockroaches
  16 goblins
  7 hobgoblins
  8 jackals
  9 bats
  3 frilled lizards
  3 jackal skeletons
  3 kobolds
  6 rats
96 creatures vanquished.

Vanquished Creatures (collateral kills)
  A water moccasin (D:5)
  A centaur (D:3)
  A bullfrog (D:5)
  A scorpion (D:3)
  A bullfrog skeleton (D:5)
  A worker ant (D:4)
  2 gnolls
  A shadow imp (D:5)
  A leopard gecko (D:3)
  3 orcs (D:5)
  A giant cockroach (D:3)
  3 hobgoblins
  A jackal (D:4)
  3 goblins
  3 kobolds (D:3)
24 creatures vanquished.

Vanquished Creatures (others)
  A hexer (D:6)
  4 ancestors
5 creatures vanquished.

Grand Total: 125 creatures vanquished

Notes
Turn   | Place    | Note
-------+----------+-------------------------------------------
     0 | D:1      | Gumption the Merfolk Gladiator began the quest for the Orb.
     0 | D:1      | Reached XP level 1. HP: 16/16 MP: 1/1
   259 | D:1      | Reached XP level 2. HP: 23/23 MP: 2/2
   613 | D:1      | Reached skill level 5 in Polearms
   757 | D:1      | Reached XP level 3. HP: 28/28 MP: 3/3
  1169 | D:2      | Noticed Natasha
  1179 | D:2      | Killed Natasha
  1179 | D:2      | Reached skill level 5 in Dodging
  1412 | D:2      | Reached XP level 4. HP: 34/34 MP: 4/4
  1424 | D:2      | Noticed Natasha
  1434 | D:2      | Killed Natasha
  1455 | D:2      | Noticed Natasha
  1463 | D:2      | Killed Natasha
  1582 | D:2      | Found an ornate altar of the Wu Jian Council.
  1758 | D:2      | Reached XP level 5. HP: 40/41 MP: 5/5
  1797 | D:2      | Found a hazy altar of Hepliaklqana.
  1810 | D:2      | Became a worshipper of Hepliaklqana the Forgotten
  2326 | D:3      | Noticed a centaur
  2337 | D:3      | Killed a centaur
  2337 | D:3      | Reached XP level 6. HP: 19/42 MP: 6/6
  2973 | D:3      | Reached * piety under Hepliaklqana
  3027 | D:3      | Noticed Grinder
  3047 | D:3      | Killed Grinder
  3047 | D:3      | Reached XP level 7. HP: 35/48 MP: 7/7
  3234 | D:3      | Noticed Ijyb
  3249 | D:3      | Killed Ijyb
  3804 | D:4      | Noticed Robin
  3825 | D:4      | Killed Robin
  3972 | D:4      | You fall into a shaft and drop 1 floor!
  3972 | D:5      | Entered Level 5 of the Dungeon
  4100 | D:4      | Found a staircase to the Ecumenical Temple.
  4107 | Temple   | Entered the Ecumenical Temple
  4839 | D:5      | Reached ** piety under Hepliaklqana
  4841 | D:5      | Remembered your ancestor Thulani as a hexer
  4904 | D:5      | Found a shattered altar of Ashenzari.
  5045 | D:5      | Reached XP level 8. HP: 54/54 MP: 8/8
  5356 | D:5      | Found a blossoming altar of Fedhas.
  5372 | D:5      | Reached skill level 5 in Fighting
  5619 | D:6      | HP: 3/82 [orc warrior/+0 flail (14)]
  5622 | D:6      | Mangled by an orc warrior

Skill      XL: |  1  2  3  4  5  6  7  8 |
---------------+-------------------------+-----
Polearms       | 5 6 7 9 |  9.9
Dodging        | 5 6 7 8 9 |  9.0
Fighting       | 3 4 5 |  5.2
Throwing       | |  2.0

Action                   |  1- 3 |  4- 6 |  7- 9 || total
-------------------------+-------+-------+-------++-------
Melee: Trident           |    73 |    39 |       ||   112
       Halberd           |       |    67 |   123 ||   190
Throw: Stone             |     4 |     1 |       ||     5
       Throwing net      |     1 |     2 |       ||     3
       Dart              |       |       |    21 ||    21
Invok: Recall Ancestor   |       |       |     3 ||     3
       Ancestor Life: He |       |       |     1 ||     1
  Use: Scroll            |       |       |    18 ||    18
       Potion            |       |       |     1 ||     1
 Stab: Sleeping          |     1 |     2 |     1 ||     4
       Distracted        |       |     2 |     1 ||     3
       Confused          |       |       |     1 ||     1
  Eat: Chunk             |     2 |     5 |     7 ||    14
Armor: Leather armour    |    16 |    17 |     4 ||    37
       Ring mail         |       |       |     5 ||     5
Dodge: Dodged            |    37 |    68 |    67 ||   172
